 Dungeon Crawl Stone Soup version 0.19-a0-1206-g6bcb79c (webtiles) character file.

706 FrancescoMac the Skirmisher (level 7, -4/64 HPs)
             Began as a Minotaur Fighter on Aug 21, 2016.
             Succumbed to Edmund's poison
             ... on level 5 of the Dungeon.
             The game lasted 00:08:20 (3518 turns).

FrancescoMac the Skirmisher (Minotaur Fighter)      Turns: 3518, Time: 00:08:21

Health: -4/64      AC: 15    Str: 21    XL:     7   Next: 39%
Magic:  6/6        EV:  4    Int:  5    God:
Gold:   202        SH:  9    Dex: 11    Spells: 0 memorised, 6 levels left

rFire  . . .     SeeInvis .     a - +1 war axe
rCold  . . .     Gourm    .     l - +0 plate armour
rNeg   . . .     Faith    .     c - +0 shield
rPois  .         Spirit   .     (helmet restricted)
rElec  .         Dismiss  .     (no cloak)
rCorr  .         Reflect  .     p - +0 pair of gloves
MR     .....     Harm     +     k - +0 pair of boots
Stlth  ..........               q - amulet of harm
                                (no ring)
                                (no ring)

@: lethally poisoned (-4 -> -60)
A: retaliatory headbutt, horns 2
a: no special abilities


You were on level 5 of the Dungeon.
You were hungry.

You visited 1 branch of the dungeon, and saw 5 of its levels.

You collected 202 gold pieces.

Inventory:

Hand Weapons
 a - a +1 war axe (weapon)
Missiles
 n - 6 silver javelins (quivered)
Armour
 b - a +0 scale mail
 c - a +0 shield (worn)
 k - a +0 pair of boots (worn)
 l - a +0 plate armour (worn)
 p - a +0 pair of gloves (worn)
Jewellery
 q - an amulet of harm (around neck)
 A - an uncursed ring of flight {unknown}
Wands
 i - a wand of lightning (12/15)
 r - a wand of confusion (8/48)
 w - a wand of heal wounds (3/9)
Scrolls
 e - 2 scrolls of magic mapping
 g - 2 scrolls of remove curse
 o - 3 scrolls of teleportation
 t - a scroll of identify
 y - a scroll of blinking {unknown}
Potions
 d - a potion of might
 h - a potion of invisibility
 j - 2 potions of cure mutation
 u - a potion of flight
 v - a potion of berserk rage
 x - a potion of agility {unknown}
Comestibles
 f - 3 bread rations
 m - 2 slices of pizza
 s - a meat ration
 z - 3 chunks of flesh


   Skills:
 + Level 6.9 Fighting
 + Level 5.9 Axes
 + Level 6.6 Armour
 - Level 3.6 Shields


You had 6 spell levels left.
You didn't know any spells.

Dungeon Overview and Level Annotations

Branches:
Dungeon (5/15)
 Temple: D:4-7

Altars:
Ashenzari
Dithmenos
Qazlal
Sif Muna

Annotations:
D:5 Edmund


Innate Abilities, Weirdness & Mutations

You reflexively headbutt those who attack you in melee.
You have a pair of horns on your head.


Message History

Something hits you but does no damage.
You are more poisoned.
You miss something.
* * * LOW HITPOINT WARNING * * *
You feel very sick. Something hits you but does no damage.
You are more poisoned.
You hit something.
* * * LOW HITPOINT WARNING * * *
You feel very sick. Something hits you but does no damage.
You are more poisoned.
You miss something.
* * * LOW HITPOINT WARNING * * *
You feel very sick. Something hits you!
* * * LOW HITPOINT WARNING * * *
You are more poisoned.
You hit something.
You die...

..## #...#
.............# # ..#
...##...............##
## .##
..##..............## #.
## ##..............##
##. #
##................####..
######
#.......................
......
........................
......
...............#####..##
######
......)@.......####..##
# ......{?.(......##...#
# ........#.(.........##
........#.S(.......##
.......##.<.........##
......# #............##
##### ......
#....###..##..# ......
...... #...## #.####..#
###### ...#.. #.# ###.


You could see an adder.

Vanquished Creatures
  A phantom (D:4)
  An ogre (D:3)
  2 centaurs (D:5)
  A howler monkey (D:4)
  2 hounds
  An orc priest (D:3)
  An iguana (D:4)
  2 worker ants
  Robin (D:3)
  6 adders
  2 oozes
  5 worms
  2 dart slugs (D:1)
  2 giant geckos
  4 orcs (D:3)
  2 ball pythons
  4 giant cockroaches
  16 goblins
  11 hobgoblins
  10 jackals
  6 kobolds
  A quokka (D:5)
  10 bats
  A giant gecko zombie (D:5)
  4 giant newts
  6 rats
104 creatures vanquished.

Notes
Turn   | Place    | Note
-------+----------+-------------------------------------------
     0 | D:1      | FrancescoMac the Minotaur Fighter began the quest for the Orb.
     0 | D:1      | Reached XP level 1. HP: 19/19 MP: 0/0
   119 | D:1      | Reached XP level 2. HP: 27/27 MP: 1/1
   378 | D:1      | Reached XP level 3. HP: 33/33 MP: 2/2
   749 | D:2      | Reached XP level 4. HP: 38/41 MP: 3/3
  1397 | D:3      | Reached skill level 5 in Fighting
  1431 | D:3      | Reached skill level 5 in Armour
  1438 | D:3      | Noticed Robin
  1439 | D:3      | Killed Robin
  1441 | D:3      | Reached XP level 5. HP: 43/48 MP: 4/4
  1862 | D:3      | Noticed an ogre
  1871 | D:3      | Killed an ogre
  1871 | D:3      | Reached XP level 6. HP: 17/57 MP: 5/5
  2337 | D:4      | Reached skill level 5 in Axes
  2413 | D:4      | Found a shattered altar of Ashenzari.
  2415 | D:4      | Found a shadowy altar of Dithmenos.
  2415 | D:4      | Found a stormy altar of Qazlal.
  2654 | D:4      | Found a deep blue altar of Sif Muna.
  3083 | D:5      | Entered Level 5 of the Dungeon
  3126 | D:5      | Reached XP level 7. HP: 59/64 MP: 6/6
  3501 | D:5      | Noticed Edmund
  3517 | D:5      | HP: 1/64 [something (8)]
  3518 | D:5      | Succumbed to Edmund's poison

Vault maps used:
D:1:      dpeg_arrival_simpleton_a, minmay_misc_feat_hallway
D:2:      first_bread, minmay_goblin_kobold_house
D:3:      uniq_robin
D:4:      grunt_temple_overflow_open, led_sif_book
D:5:      goddamned_bats, uniq_edmund

Skill      XL: |  1  2  3  4  5  6 |
---------------+-------------------+-----
Armour         | 4 5 6 |  6.6
Fighting       | 4 5 6 |  6.9
Axes           | 3 4 5 |  5.9
Shields        | |  3.6

Action                   |  1- 3 |  4- 6 |  7- 9 || total
-------------------------+-------+-------+-------++-------
Melee: War axe           |    95 |   171 |    26 ||   292
       Headbutt          |    13 |    26 |     3 ||    42
  Use: Scroll            |     2 |     7 |       ||     9
       Potion            |       |     2 |       ||     2
  Eat: Chunk             |       |     8 |     1 ||     9
Armor: Scale mail        |    50 |    39 |       ||    89
       Plate armour      |       |    23 |    13 ||    36
Dodge: Dodged            |    26 |    39 |     4 ||    69
Block: Shield            |    52 |    95 |     8 ||   155
